 Dungeon Crawl Stone Soup version 0.16.2-12-gd0ad4c3 (webtiles) character file.

1908 schauveau the Geomancer (level 9, -4/52 HPs)
             Began as a Gargoyle Earth Elementalist on Oct 31, 2015.
             Was a Believer of Vehumet.
             Shot with an arrow by a centaur (10 damage)
             ... on level 7 of the Dungeon.
             The game lasted 00:29:26 (7793 turns).

schauveau the Geomancer (GrEE)                      Turns: 7793, Time: 00:29:26

Health: -4/52      AC: 11    Str: 11    XL:     9   Next: 16%
Magic:  7/22       EV: 12    Int: 23    God:    Vehumet [**....]
Gold:   297        SH:  0    Dex: 10    Spells: 4 memorised, 9 levels left

rFire  . . .     SeeInvis +     L - +9 quarterstaff of the Evening {vamp, rElec rC- rN+ Int+3}
rCold  x . .     Clarity  .     c - +0 robe
rNeg   + + .     SustAb   .     (no shield)
rPois  ∞         Gourm    .     (no helmet)
rElec  +         Spirit   .     C - +0 cloak
rCorr  .         Warding  .     O - +0 pair of gloves
rMut   .         Stasis   .     B - +1 pair of boots
MR     +....                    (no amulet)
Stlth  ++........               J - ring of protection from magic
                                s - ring of see invisible

@: somewhat resistant to hostile enchantments, unstealthy
A: negative energy resistance 1, electricity resistance, unbreathing,
petrification resistance, rot immunity, AC +5
a: Renounce Religion


You were on level 7 of the Dungeon.
You worshipped Vehumet.
Vehumet was pleased with you.
You were not hungry.

You visited 2 branches of the dungeon, and saw 8 of its levels.

You collected 297 gold pieces.

Inventory:

Hand weapons
 a - a +2 spear of venom
 f - a +0 mace
 h - a +0 blowgun
 j - a +0 club
 o - a +2 flail of crushing
 p - a +1 war axe of chopping
 F - a +0 flail
 L - the +9 quarterstaff of the Evening (weapon) {vamp, rElec rC- rN+ Int+3}
   (You found it on level 6 of the Dungeon)

   It inflicts no extra harm, but heals its wielder somewhat when it strikes a
   living foe.
   It affects your intelligence (+3).
   It makes you vulnerable to cold.
   It insulates you from electricity.
   It protects you from negative energy.
Missiles
 b - 215 stones (quivered)
 t - 50 poisoned needles
Armour
 c - a +0 robe (worn)
 l - a +0 pair of boots
 B - a +1 pair of boots (worn)
 C - a +0 cloak (worn)
 O - a +0 pair of gloves (worn)
Jewellery
 k - an uncursed ring of sustain abilities
 s - a ring of see invisible (left hand)
 J - a ring of protection from magic (right hand)
Magical devices
 G - a wand of magic darts (22)
 M - a wand of cold (14)
Scrolls
 g - 3 scrolls of teleportation
 u - 3 scrolls of remove curse
 y - 3 scrolls of amnesia
 H - a scroll of blinking
 N - a scroll of identify
Potions
 e - 2 potions of agility {unknown}
 i - 2 potions of restore abilities
 m - 2 potions of curing
 n - 2 potions of mutation
 r - a potion of resistance
 v - 2 potions of might {unknown}
 w - 3 potions of cancellation
 x - 2 potions of ambrosia
 D - a potion of heal wounds {unknown}
Books
 d - a book of Geomancy

   Spells                             Type                      Level
   a - Sandblast                      Earth                        1
   b - Stoneskin                      Transmutation/Earth          2
   c - Passwall                       Transmutation/Earth          3
   d - Stone Arrow                    Conjuration/Earth            3
   e - Petrify                        Transmutation/Earth          4
   f - Lee's Rapid Deconstruction     Earth                        5
Comestibles
 q - 3 royal jellies
 z - 5 bread rations
 A - 2 fruits
 E - 7 chunks of flesh
 I - 2 meat rations


   Skills:
 + Level 4.0 Fighting
 + Level 3.6 Maces & Flails
 - Level 1.5 Dodging
 - Level 2.1 Stealth
 * Level 6.0 Spellcasting
 + Level 5.7 Conjurations
 - Level 0.7 Transmutations
 * Level 8.1 Earth Magic


You had 9 spell levels left.
You knew the following spells:

 Your Spells              Type           Power        Failure   Level  Hunger
a - Stone Arrow           Conj/Erth      #####.       1%          3    #......
b - Sandblast             Erth           #####.       1%          1    None
c - Stoneskin             Trmt/Erth      ####....     2%          2    None
d - Lee's Rapid Deconstr  Erth           #####.....   10%         5    #####..


Dungeon Overview and Level Annotations

Branches:
Dungeon (7/15)             Temple (1/1) D:6

Altars:
Ashenzari
Cheibriados
Fedhas
Nemelex Xobeh
Okawaru
Sif Muna
Trog
Vehumet
Xom
Yredelemnul
The Shining One

Shops:
D:6 %

Annotations:
D:3 exclusion: oklob plant
D:7 Joseph


Innate Abilities, Weirdness & Mutations

You are resistant to torment.
You are immune to poison.
Your stone body is very resilient (AC +5).
You resist negative energy.
You are resistant to electric shocks.
You can survive without breathing.
You are immune to petrification.
You are immune to rotting.


Message History

* * * LOW HITPOINT WARNING * * *
The centaur shoots an arrow.
The arrow closely misses you.
Joseph shoots a sling bullet.
The sling bullet misses you.
You see here a sling bullet.
The centaur shoots an arrow.
The arrow hits you.
* * * LOW HITPOINT WARNING * * *
You see here a hippogriff skeleton.
There is an open door here.
The centaur shoots an arrow.
The arrow hits you.
* * * LOW HITPOINT WARNING * * *
You see here an arrow.
Casting: Stone Arrow
Confirm with . or Enter, or press ? or * to list all spells.
Aiming: Lee's Rapid Deconstruction
Press: ? - help, Dir - move target cursor The wall shatters!
The blast of rock fragments hits the centaur.
The centaur is moderately wounded.
The centaur shoots an arrow.
The arrow hits you!
You die...

.#. '. ###.
#...#+###+#
+..@c((c(.+
#...#.#.÷(#
.......#.##..#
.......#.##'##
.......+.##@.#
......#.....+...+
..#+##+##..#...# .
#..#...# #'##...#
#..#...# #..+...+
#'##...#######+##+
#..#..............


You could see a centaur.

Vanquished Creatures
  The ghost of dvd the Chiller, an experienced MfIE of Okawaru (D:5)
  A hippogriff (D:7)
  An orc warrior (D:7)
  A sky beast (D:6)
  A centaur (D:5)
  A big kobold (D:7)
  The ghost of schauveau the Digger, an average GrEE (D:3)
  3 giant frogs (D:6)
  A crimson imp (D:5)
  2 goliath beetles (D:6)
  A jelly (D:4)
  A centaur zombie (D:5)
  4 orc priests
  2 hounds
  2 iguanas (D:4)
  7 worker ants
  A hound zombie (D:6)
  9 gnolls
  10 adders
  8 worms
  2 adder skeletons (D:6)
  9 giant geckos
  3 oozes
  25 orcs
  A bat zombie (D:6)
  6 giant cockroaches
  20 goblins
  24 hobgoblins
  10 jackals
  2 quokkas
  2 ball pythons
  6 bats
  4 giant newts
  22 kobolds
  12 rats
206 creatures vanquished.

Notes
Turn   | Place    | Note
--------------------------------------------------------------
     0 | D:1      | schauveau, the Gargoyle Earth Elementalist, began the quest for the Orb.
     0 | D:1      | Reached XP level 1. HP: 10/10 MP: 3/3
   590 | D:1      | Reached skill level 4 in Earth Magic
   590 | D:1      | Reached XP level 2. HP: 13/15 MP: 0/4
  1531 | D:2      | Reached XP level 3. HP: 19/19 MP: 1/6
  1542 | D:2      | Learned a level 3 spell: Stone Arrow
  1914 | D:3      | Noticed schauveau's ghost (average GrEE)
  1992 | D:2      | Reached skill level 1 in Conjurations
  2128 | D:2      | Found a sparkling altar of Nemelex Xobeh.
  2251 | D:2      | Reached XP level 4. HP: 18/24 MP: 6/8
  2597 | D:3      | Noticed a moth of wrath
  2600 | D:3      | Found a bloodstained altar of Trog.
  2643 | D:3      | Killed schauveau's ghost
  2643 | D:3      | Reached XP level 5. HP: 25/28 MP: 1/11
  2783 | D:3      | Reached skill level 5 in Earth Magic
  2846 | D:3      | Found a deep blue altar of Sif Muna.
  3325 | D:3      | Found a blossoming altar of Fedhas.
  3342 | D:3      | Noticed an oklob plant
  3661 | D:3      | Reached XP level 6. HP: 19/32 MP: 1/13
  4025 | D:5      | Entered Level 5 of the Dungeon
  4436 | D:4      | Reached skill level 1 in Maces & Flails
  4554 | D:4      | Reached skill level 1 in Fighting
  4617 | D:4      | Reached XP level 7. HP: 31/38 MP: 1/15
  4834 | D:4      | Found a glowing golden altar of the Shining One.
  5600 | D:6      | Found Twewe's Food Emporium.
  5611 | D:6      | Reached skill level 6 in Earth Magic
  5725 | D:5      | Noticed dvd's ghost (experienced MfIE)
  5927 | D:5      | Reached XP level 8. HP: 43/45 MP: 6/19
  6051 | D:6      | Found a staircase to the Ecumenical Temple.
  6059 | Temple   | Entered the Ecumenical Temple
  6072 | Temple   | Became a worshipper of Vehumet
  6416 | D:6      | Reached skill level 5 in Spellcasting
  6490 | D:6      | Reached skill level 5 in Conjurations
  6669 | D:5      | Killed dvd's ghost
  6669 | D:5      | Reached skill level 7 in Earth Magic
  6790 | D:6      | Acquired Vehumet's first power
  6790 | D:6      | Offered knowledge of Magic Dart by Vehumet.
  6910 | D:6      | Got a shimmering quarterstaff
  6914 | D:6      | Identified the +9 quarterstaff of the Evening {vamp, rElec rC- rN+ Int+3} (You found it on level 6 of the Dungeon)
  7182 | D:6      | Offered knowledge of Sting by Vehumet.
  7519 | D:6      | Learned a level 2 spell: Stoneskin
  7626 | D:7      | Learned a level 5 spell: Lee's Rapid Deconstruction
  7646 | D:7      | Reached XP level 9. HP: 52/52 MP: 14/22
  7773 | D:7      | Reached skill level 8 in Earth Magic
  7781 | D:7      | Noticed Joseph
  7793 | D:7      | Shot with an arrow by a centaur

Action                   |  1- 3 |  4- 6 |  7- 9 || total
-------------------------+-------+-------+-------++-------
Melee: Unarmed           |     4 |       |       ||     4
       Club              |     1 |       |       ||     1
       Mace              |    24 |    23 |       ||    47
       Flail             |       |    71 |    71 ||   142
       Spear             |       |       |    63 ||    63
       Quarterstaff      |       |       |    81 ||    81
 Cast: Sandblast         |    71 |    47 |       ||   118
       Stone Arrow       |       |    36 |    90 ||   126
       Lee's Rapid Decon |       |       |     3 ||     3
  Use: Scroll            |       |     9 |    10 ||    19
 Stab: Sleeping          |       |       |     2 ||     2
  Eat: Meat ration       |     1 |     1 |       ||     2
       Chunk             |       |     5 |    15 ||    20
       Fruit             |       |       |     2 ||     2
       Bread ration      |       |       |     1 ||     1
